 Dungeon Crawl Stone Soup version 0.22.1-2-g9c5b331 (webtiles) character file.

796 Monzz the Chopper (level 7, -9/61 HPs)
             Began as a Hill Orc Monk on Jan 2, 2019.
             Mangled by an ogre
             ... wielding a cursed +0 giant spiked club
              (33 damage)
             ... on level 6 of the Dungeon.
             The game lasted 00:18:36 (5814 turns).

Monzz the Chopper (Hill Orc Monk)                   Turns: 5814, Time: 00:18:37

Health: -9/61      AC:  7    Str: 14 (16) XL:     7   Next: 89%
Magic:  7/7        EV: 10    Int:  8 (10) God:
Gold:   188        SH:  7    Dex: 14 (15) Spells: 6/6 levels left

rFire    . . .     SeeInvis .   a - +0 hand axe
rCold    . . .     Gourm    .   r - +2 buckler
rNeg     . . .     Faith    .   s - +0 scale mail (curse)
rPois    +         Spirit   .   (no helmet)
rElec    .         Reflect  .   (no cloak)
rCorr    .         Harm     .   (no gloves)
MR       +....                  (no boots)
Stlth    +.........             (no amulet)
HPRegen  0.20/turn              v - +2 ring of dexterity
MPRegen  0.10/turn              B - ring of poison resistance

@: no status effects
A: magic resistance 1, MP-powered wands
a: no special abilities


You were on level 6 of the Dungeon.
You were not hungry.

You visited 1 branch of the dungeon, and saw 6 of its levels.

You collected 188 gold pieces.

Inventory:

Hand Weapons
 a - a +0 hand axe (weapon)
Missiles
 b - 3 tomahawks
 g - 172 stones (quivered)
Armour
 r - a +2 buckler (worn)
 s - a cursed +0 scale mail (worn)
 z - a +0 large shield
Jewellery
 d - a +4 ring of intelligence
 l - an uncursed ring of fire
 m - an uncursed ring of stealth
 p - an uncursed ring of see invisible
 v - a +2 ring of dexterity (left hand)
 w - an uncursed ring of protection from magic
 B - a ring of poison resistance (right hand)
Wands
 n - a wand of digging (18)
Scrolls
 f - 4 scrolls of identify
 q - a scroll of magic mapping
 y - a scroll of immolation
Potions
 e - a potion of might
 h - a potion of agility
 i - 2 potions of curing
 j - a potion of brilliance
 u - 2 potions of ambrosia
Comestibles
 c - 6 rations


   Skills:
 + Level 5.4 Fighting
 + Level 7.3 Axes
 + Level 4.0 Armour
 + Level 3.4 Dodging
 + Level 2.0 Stealth
 * Level 3.6 Shields


You had 6 spell levels left.
You didn't know any spells.
Your spell library contained the following spells:

 Spells                   Type           Power        Failure   Level  Hunger
 Beastly Appendage        Tmut           #.....       87%         1    ##.....
 Sticks to Snakes         Tmut           #.......     95%         2    ###....
 Spider Form              Tmut/Pois      #.........   99%         3    ####...
 Ice Form                 Ice/Tmut       #.......     100%        4    #####..
 Blade Hands              Tmut           #.........   100%        5    ######.


Dungeon Overview and Level Annotations

Branches:
Dungeon (6/15)
 Temple: D:4-7

Altars:
Elyvilon
Sif Muna
Wu Jian
Xom

Annotations:
D:5 Grinder


Innate Abilities, Weirdness & Mutations

You are resistant to hostile enchantments. (MR+)
You expend magic power (3 MP) to strengthen your wands.


Message History

The ogre is lightly wounded.
Throwing (i - inventory. (/) - cycle)
g - 173 stones (quivered)
Press: ? - help, Shift-Dir - straight line, f/p - ogre
Aim: an ogre, wielding a giant spiked club (lightly wounded)
You throw a stone.
The stone hits the ogre but does no damage.
The ogre is lightly wounded.
You hit the ogre.
The ogre is lightly wounded.
The ogre hits you but does no damage.
You hit the ogre.
The ogre is moderately wounded.
The ogre hits you with a giant spiked club!!
You hit the ogre.
The ogre is heavily wounded.
Your scale mail prevents you from hitting the ogre.
The ogre is heavily wounded.
The ogre hits you with a giant spiked club!!
Ouch! That really hurt!
You die...

## .. # #.# .#.#
#..###.O. ###.#.?.#
#####. #.....#
...... #.##.###(#
#####. #.## #O# ..#
#.# #.##.###@# #.#
#.# #.##.....# #.#
#.# #.#####.## #.#
#.# #.# #.# #.# #.#
#.# #.# #.#
#.###.#####.#######
#.#
#..................
..#
#.#########.#######
### #># #.#


You could see an ogre.

Vanquished Creatures
  A sky beast (D:6)
  A phantom (D:4)
  A centaur (D:6)
  A scorpion (D:3)
  A howler monkey (D:4)
  A gnoll shaman (D:4)
  A hound (D:4)
  Jessica (D:3)
  An iguana (D:4)
  2 orc wizards
  3 worker ants (D:4)
  5 adders
  5 gnolls (D:4)
  3 oozes
  An adder skeleton (D:4)
  5 worms
  2 dart slugs
  2 leopard geckos (D:2)
  14 orcs
  A ball python (D:4)
  3 giant cockroaches
  8 hobgoblins
  2 jackals (D:4)
  4 quokkas
  6 bats
  6 frilled lizards
  10 goblins
  8 kobolds
  5 rats
104 creatures vanquished.

Vanquished Creatures (others)
  7 toadstools (D:1)
7 creatures vanquished.

Grand Total: 111 creatures vanquished

Notes
Turn   | Place    | Note
-------+----------+-------------------------------------------
     0 | D:1      | Monzz the Hill Orc Monk began the quest for the Orb.
     0 | D:1      | Reached XP level 1. HP: 19/19 MP: 1/1
   160 | D:1      | Reached XP level 2. HP: 26/27 MP: 2/2
   768 | D:1      | Reached XP level 3. HP: 25/33 MP: 3/3
  1707 | D:2      | Reached XP level 4. HP: 38/41 MP: 4/4
  1823 | D:2      | Reached skill level 5 in Axes
  2190 | D:2      | Reached skill level 1 in Shields
  2410 | D:3      | Reached skill level 1 in Armour
  2500 | D:3      | Found a shimmering altar of Xom.
  2547 | D:3      | Noticed Jessica
  2859 | D:3      | Killed Jessica
  2859 | D:3      | Reached XP level 5. HP: 47/47 MP: 5/5
  3316 | D:3      | Reached XP level 6. HP: 36/53 MP: 6/6
  4171 | D:4      | Reached skill level 6 in Axes
  4187 | D:4      | HP: 2/55 [gnoll/whip (1)]
  4190 | D:4      | Noticed a phantom
  4254 | D:4      | Killed a phantom
  4254 | D:4      | Reached skill level 5 in Fighting
  4254 | D:4      | Reached XP level 7. HP: 44/61 MP: 7/7
  4261 | D:4      | Gained mutation: You are partially covered in large bone
                  | plates. (SH +4) [potion of mutation]
  4261 | D:4      | Gained mutation: You possess an exceptional clarity of
                  | mind. [potion of mutation]
  4262 | D:4      | Lost mutation: You are partially covered in large bone
                  | plates. (SH +4) [potion of mutation]
  4262 | D:4      | Lost mutation: You possess an exceptional clarity of mind.
                  | [potion of mutation]
  4262 | D:4      | Gained mutation: You expend magic power (3 MP) to
                  | strengthen your wands. [potion of mutation]
  4262 | D:4      | Gained mutation: You are resistant to hostile enchantments.
                  | (MR+) [potion of mutation]
  4596 | D:4      | Found a deep blue altar of Sif Muna.
  4596 | D:4      | Found an ornate altar of the Wu Jian Council.
  4597 | D:4      | Found a white marble altar of Elyvilon.
  5250 | D:5      | Entered Level 5 of the Dungeon
  5317 | D:5      | HP: 1/61 [hornet zombie (4)]
  5341 | D:5      | Noticed Grinder
  5727 | D:6      | Reached skill level 7 in Axes
  5814 | D:6      | Mangled by an ogre

Skill      XL: |  1  2  3  4  5  6  7 |
---------------+----------------------+-----
Fighting       | 4 5 |  5.4
Axes           | 5 6 7 |  7.3
Shields        | 1 2 3 |  3.6
Armour         | 1 2 3 4 |  4.0
Dodging        | 3 |  3.4
Stealth        | 2 |  2.0

Action                   |  1- 3 |  4- 6 |  7- 9 || total
-------------------------+-------+-------+-------++-------
Melee: Hand axe          |   137 |   266 |   177 ||   580
Throw: Stone             |       |       |     3 ||     3
  Use: Scroll            |       |     6 |     3 ||     9
       Potion            |       |     3 |    10 ||    13
 Stab: Sleeping          |     4 |     2 |       ||     6
       Distracted        |       |     1 |       ||     1
  Eat: Chunk             |     3 |     8 |     5 ||    16
Armor: Robe              |    11 |       |       ||    11
       Leather armour    |     7 |     7 |       ||    14
       Ring mail         |       |    45 |       ||    45
       Scale mail        |       |       |    36 ||    36
Dodge: Dodged            |    82 |   114 |    60 ||   256
Block: Buckler           |    12 |    70 |    38 ||   120
